TOP OF THE 1ST |
Hartford Whalers batting - Pitching for Santo Domingo Rum Runners : LHP Ken Burns
|
Pitching: LHP Ken Burns
|
|
Batting: RHB Justin Reaves
|
0-0: Ball 1-0: Called Strike 1-1: Ball 2-1: Ball 3-1: Foul Ball, location: 2F 3-2: Base on Balls
|
Batting: RHB Elias Howard
|
0-0: Called Strike 0-1: Ball 1-1: Ball 2-1: Swinging Strike 2-2: Ball 3-2: Foul Ball, location: 2F 3-2: Strikes out swinging
|
Batting: RHB Blake Bateman
|
0-0: Called Strike 0-1: Foul Ball, location: 2F 0-2: Strikes out swinging
|
Batting: RHB Levi Lane
|
0-0: Called Strike 0-1: Swinging Strike 0-2: Fielders Choice at 2nd, 5-4 (Groundball, 5, EV 87.5 MPH)
|
Top of the 1st over - 0 runs, 0 hits, 0 errors, 1 left on base; Hartford 0 - Santo Domingo 0 |
BOTTOM OF THE 1ST |
Santo Domingo Rum Runners batting - Pitching for Hartford Whalers : RHP Braydon Cox
|
Pitching: RHP Braydon Cox
|
|
Batting: LHB Braxton Price
|
0-0: Ball 1-0: Ball 2-0: Ground out 6-3 (Groundball, 56, EV 108.8 MPH)
|
Batting: LHB Larry Collier
|
0-0: Ball 1-0: Swinging Strike 1-1: Ball 2-1: Ball 3-1: SINGLE (Line Drive, 9LM, EV 110.0 MPH)
|
Batting: LHB Isaac Rampone
|
0-0: Called Strike 0-1: Grounds into double play, 6-4-3 (Groundball, 56, EV 84.4 MPH)
|
Bottom of the 1st over - 0 runs, 1 hit, 0 errors, 0 left on base; Hartford 0 - Santo Domingo 0 |
TOP OF THE 2ND |
Hartford Whalers batting - Pitching for Santo Domingo Rum Runners : LHP Ken Burns
|
Batting: LHB Kellen Todd
|
0-0: Ball 1-0: Called Strike 1-1: Ball 2-1: Foul Ball, location: 2F 2-2: Foul Ball, location: 2F 2-2: Ball 3-2: Base on Balls
|
Batting: LHB Ian Schreiber
|
0-0: Called Strike 0-1: SINGLE (Flyball, 89S, EV 93.1 MPH) Kellen Todd to second Runner from 2nd tries for 3rd, SAFE, throw by RF made to third
|
Batting: RHB Teddy Pettaway
|
0-0: Ball 1-0: Ball 2-0: DOUBLE (Line Drive, 7LS, EV 95.0 MPH) Kellen Todd scores Ian Schreiber to third
|
Batting: SHB Kyler Schuff
|
0-0: Ball 1-0: Fly out, F6 (Line Drive, 6, EV 72.5 MPH)
|
Batting: RHB Trystan Didkowsky
|
0-0: Ball 1-0: Called Strike 1-1: Foul Ball, location: 2F 1-2: SINGLE (Groundball, 56S, EV 70.0 MPH) (infield hit) Ian Schreiber scores Teddy Pettaway to third
|
Batting: RHB Justin Reaves
|
0-0: Ball 1-0: Ball 2-0: Swinging Strike 2-1: Ball 3-1: Base on Balls Trystan Didkowsky to second
|
Batting: RHB Elias Howard
|
0-0: Called Strike 0-1: Ball 1-1: Fly out, F9 (Flyball, 9S, EV 90.0 MPH)
|
Batting: RHB Blake Bateman
|
0-0: SINGLE (Groundball, 56D, EV 103.8 MPH) Teddy Pettaway scores Trystan Didkowsky to third Justin Reaves to second Runner from 3rd tries for Home, SAFE, throw by LF to home
|
Batting: RHB Levi Lane
|
0-0: Ball 1-0: Called Strike 1-1: Foul Ball, location: 2F 1-2: Strikes out looking
|
Top of the 2nd over - 4 runs, 4 hits, 0 errors, 2 left on base; Hartford 4 - Santo Domingo 0 |
BOTTOM OF THE 2ND |
Santo Domingo Rum Runners batting - Pitching for Hartford Whalers : RHP Braydon Cox
|
Batting: LHB Ronald Anderson
|
0-0: Called Strike 0-1: Ball 1-1: Ball 2-1: Foul Ball, location: 2F 2-2: Ball 3-2: Strikes out looking
|
Batting: RHB Mason Camillo
|
0-0: Called Strike 0-1: Fly out, F8 (Flyball, 8RXD, EV 103.8 MPH)
|
Batting: LHB Spencer DeSimone
|
0-0: Swinging Strike 0-1: Foul Ball, location: 2F 0-2: Strikes out swinging
|
Bottom of the 2nd over - 0 runs, 0 hits, 0 errors, 0 left on base; Hartford 4 - Santo Domingo 0 |
TOP OF THE 3RD |
Hartford Whalers batting - Pitching for Santo Domingo Rum Runners : LHP Ken Burns
|
Batting: LHB Kellen Todd
|
0-0: Called Strike 0-1: Reached on error, E5 (Groundball, 5L, EV 88.8 MPH)
|
Batting: LHB Ian Schreiber
|
0-0: Grounds into double play, 6-4-3 (Groundball, 6, EV 90.6 MPH)
|
Batting: RHB Teddy Pettaway
|
0-0: Ball 1-0: Called Strike 1-1: Foul Ball, location: 2F 1-2: Fly out, F8 (Flyball, 8RXD, EV 103.1 MPH)
|
Top of the 3rd over - 0 runs, 0 hits, 1 error, 0 left on base; Hartford 4 - Santo Domingo 0 |
BOTTOM OF THE 3RD |
Santo Domingo Rum Runners batting - Pitching for Hartford Whalers : RHP Braydon Cox
|
Batting: RHB Rykeem Potts
|
0-0: Ball 1-0: Foul Ball, location: 2F 1-1: Ball 2-1: SINGLE (Groundball, 6MD, EV 98.1 MPH)
|
Batting: LHB Moses Thomas
|
0-0: Swinging Strike 0-1: Ball 1-1: Ball 2-1: Swinging Strike 2-2: SINGLE (Groundball, 4MD, EV 97.5 MPH) Rykeem Potts to second
|
Batting: RHB Owen Dooley
|
0-0: Ball 1-0: Ball 2-0: Called Strike 2-1: Foul Ball, location: 2F 2-2: Ball 3-2: Foul Ball, location: 2F 3-2: Foul Ball, location: 2F 3-2: Foul Ball, location: 2F 3-2: Fly out, F8 (Flyball, 78M, EV 83.1 MPH)
|
Batting: LHB Braxton Price
|
0-0: Called Strike 0-1: Ball 1-1: Fly out, F9 (Line Drive, 9S, EV 93.8 MPH)
|
Batting: LHB Larry Collier
|
0-0: Ball 1-0: DOUBLE (Line Drive, 7LS, EV 106.9 MPH) Rykeem Potts scores Moses Thomas to third Runner from 3rd tries for Home, throw by LF and OUT! 7-6-2
|
Bottom of the 3rd over - 1 run, 3 hits, 0 errors, 1 left on base; Hartford 4 - Santo Domingo 1 |
TOP OF THE 4TH |
Hartford Whalers batting - Pitching for Santo Domingo Rum Runners : LHP Ken Burns
|
Batting: SHB Kyler Schuff
|
0-0: Ball 1-0: Called Strike 1-1: Ball 2-1: Ground out 4-3 (Groundball, 4MD, EV 81.2 MPH)
|
Batting: RHB Trystan Didkowsky
|
0-0: Called Strike 0-1: DOUBLE (Line Drive, 7LM, EV 110.0 MPH)
|
Batting: RHB Justin Reaves
|
0-0: Called Strike 0-1: Foul Ball, location: 2F 0-2: Ball 1-2: SINGLE (Groundball, 4D, EV 94.4 MPH) Trystan Didkowsky to third Runner from 3rd tries for Home, SAFE, throw by CF to home Justin Reaves to second
|
Batting: RHB Elias Howard
|
0-0: Ball 1-0: Ball 2-0: Ground out U3 (Groundball, 34, EV 107.5 MPH) Justin Reaves to third
|
Batting: RHB Blake Bateman
|
0-0: Ball 1-0: Fly out, F9 (Line Drive, 9, EV 93.1 MPH)
|
Top of the 4th over - 1 run, 2 hits, 0 errors, 1 left on base; Hartford 5 - Santo Domingo 1 |
BOTTOM OF THE 4TH |
Santo Domingo Rum Runners batting - Pitching for Hartford Whalers : RHP Braydon Cox
|
Batting: LHB Isaac Rampone
|
0-0: SINGLE (Groundball, 56D, EV 96.9 MPH)
|
Batting: LHB Ronald Anderson
|
0-0: Called Strike 0-1: Foul Ball, location: 2F 0-2: Foul Ball, location: 2F 0-2: Ball 1-2: Ball 2-2: Foul Ball, location: 2F 2-2: 2-RUN HOME RUN (Flyball, 9LD, EV 97.5 MPH), Distance : 354 ft
|
Batting: RHB Mason Camillo
|
0-0: Called Strike 0-1: Called Strike 0-2: Strikes out swinging
|
Batting: LHB Spencer DeSimone
|
0-0: Called Strike 0-1: Ball 1-1: Ball 2-1: Called Strike 2-2: Foul Ball, location: 2F 2-2: Ball 3-2: SINGLE (Groundball, 56D, EV 96.9 MPH)
|
Batting: RHB Rykeem Potts
|
0-0: Ball 1-0: Called Strike 1-1: Foul Ball, location: 2F 1-2: Fly out, F9 (Flyball, 9S, EV 86.9 MPH)
|
Batting: LHB Moses Thomas
|
0-0: Ball 1-0: Ball 2-0: Foul Ball, location: 2F 2-1: Fly out, F9 (Flyball, 9, EV 88.1 MPH)
|
Bottom of the 4th over - 2 runs, 3 hits, 0 errors, 1 left on base; Hartford 5 - Santo Domingo 3 |
TOP OF THE 5TH |
Hartford Whalers batting - Pitching for Santo Domingo Rum Runners : LHP Ken Burns
|
Batting: RHB Levi Lane
|
0-0: Called Strike 0-1: Ball 1-1: Swinging Strike 1-2: Strikes out swinging
|
Batting: LHB Kellen Todd
|
0-0: Ball 1-0: Called Strike 1-1: Foul Ball, location: 2F 1-2: Ground out 3-1 (Groundball, 13, EV 88.1 MPH)
|
Batting: LHB Ian Schreiber
|
0-0: Ball 1-0: Ball 2-0: Ball 3-0: Called Strike 3-1: Ground out U3 (Groundball, 3, EV 98.1 MPH)
|
Top of the 5th over - 0 runs, 0 hits, 0 errors, 0 left on base; Hartford 5 - Santo Domingo 3 |
BOTTOM OF THE 5TH |
Santo Domingo Rum Runners batting - Pitching for Hartford Whalers : RHP Braydon Cox
|
Batting: RHB Owen Dooley
|
0-0: Foul Ball, location: 2F 0-1: Fly out, F9 (Flyball, 9, EV 85.0 MPH)
|
Batting: LHB Braxton Price
|
0-0: Called Strike 0-1: Ball 1-1: Foul Ball, location: 2F 1-2: Ground out 6-3 (Groundball, 6, EV 83.1 MPH)
|
Batting: LHB Larry Collier
|
0-0: DOUBLE (Line Drive, 7LS, EV 109.4 MPH)
|
Batting: LHB Isaac Rampone
|
0-0: Foul Ball, location: 2F 0-1: Hit by Pitch
|
Batting: LHB Ronald Anderson
|
0-0: Ball 1-0: SINGLE (Line Drive, 34D, EV 98.1 MPH) Larry Collier to third Isaac Rampone to second Runner from 3rd tries for Home, SAFE, throw by RF to home
|
Pitching: RHP Bailey Holden
|
|
Batting: RHB Mason Camillo
|
0-0: Called Strike 0-1: Fly out, F9 (Flyball, 9LD, EV 91.2 MPH)
|
Bottom of the 5th over - 1 run, 2 hits, 0 errors, 2 left on base; Hartford 5 - Santo Domingo 4 |
TOP OF THE 6TH |
Hartford Whalers batting - Pitching for Santo Domingo Rum Runners : LHP Ken Burns
|
Batting: RHB Teddy Pettaway
|
0-0: Ball 1-0: Swinging Strike 1-1: Ball 2-1: Foul Ball, location: 2F 2-2: Ground out 6-3 (Groundball, 6, EV 79.4 MPH)
|
Batting: SHB Kyler Schuff
|
0-0: Called Strike 0-1: Foul Ball, location: 2F 0-2: Ball 1-2: Foul Ball, location: 2F 1-2: Ball 2-2: Foul Ball, location: 2F 2-2: Foul Ball, location: 2F 2-2: SINGLE (Groundball, 34D, EV 95.6 MPH)
|
Batting: RHB Trystan Didkowsky
|
0-0: Ball 1-0: Ball 2-0: Called Strike 2-1: Foul Ball, location: 2F 2-2: Strikes out swinging
|
Batting: RHB Justin Reaves
|
0-0: Ball 1-0: Ball 2-0: Called Strike 2-1: Foul Ball, location: 2F 2-2: Ball 3-2: SINGLE (Line Drive, 4MD, EV 95.0 MPH) Kyler Schuff to second Kyler Schuff to third
|
Pitching: RHP Jonah Morganstein
|
|
Batting: RHB Elias Howard
|
0-0: Ball 1-0: Called Strike 1-1: Swinging Strike 1-2: Fielders Choice at 2nd, 6-4 (Groundball, 6, EV 88.8 MPH)
|
Top of the 6th over - 0 runs, 2 hits, 0 errors, 2 left on base; Hartford 5 - Santo Domingo 4 |
BOTTOM OF THE 6TH |
Santo Domingo Rum Runners batting - Pitching for Hartford Whalers : RHP Bailey Holden
|
Batting: LHB Spencer DeSimone
|
0-0: Foul Ball, location: 2F 0-1: Ball 1-1: Foul Ball, location: 2F 1-2: Fly out, F7 (Line Drive, 7, EV 94.4 MPH)
|
Batting: RHB Rykeem Potts
|
0-0: Foul Ball, location: 2F 0-1: Ball 1-1: Ball 2-1: SINGLE (Groundball, 6D, EV 94.4 MPH)
|
Batting: LHB Moses Thomas
|
0-0: Called Strike 0-1: Foul Ball, location: 2F 0-2: Ball 1-2: Fly out, F7 (Flyball, 7S, EV 81.9 MPH)
|
Batting: RHB Owen Dooley
|
0-0: Called Strike 0-1: Ball 1-1: Ball 2-1: Called Strike 2-2: Ball 3-2: Foul Ball, location: 2F 3-2: Foul Ball, location: 2F 3-2: Foul Ball, location: 2F 3-2: Foul Ball, location: 2F 3-2: Foul Ball, location: 2F 3-2: Base on Balls Rykeem Potts to second
|
Pitching: LHP Duncan Mulifi
|
|
Batting: LHB Braxton Price
|
0-0: Swinging Strike 0-1: Ball 1-1: DOUBLE (Flyball, 8LXD, EV 105.0 MPH) Rykeem Potts scores Owen Dooley to third Runner from 3rd tries for Home, SAFE, throw by CF to trailing runner, SAFE at third!
|
Batting: LHB Larry Collier
|
0-0: Ball 1-0: Foul Ball, location: 2F 1-1: Ball 2-1: Called Strike 2-2: Foul Ball, location: 2F 2-2: Strikes out swinging
|
Bottom of the 6th over - 2 runs, 2 hits, 0 errors, 1 left on base; Hartford 5 - Santo Domingo 6 |
TOP OF THE 7TH |
Hartford Whalers batting - Pitching for Santo Domingo Rum Runners : RHP Jonah Morganstein
|
Batting: RHB Blake Bateman
|
0-0: DOUBLE (Line Drive, 7LM, EV 104.4 MPH)
|
Batting: RHB Levi Lane
|
0-0: Swinging Strike 0-1: Foul Ball, location: 2F 0-2: Ball 1-2: Ball 2-2: Ball 3-2: Strikes out swinging
|
Batting: LHB Kellen Todd
|
0-0: Ground out 3-1 (Groundball, 34S, EV 85.0 MPH) Blake Bateman to third
|
Batting: LHB Ian Schreiber
|
0-0: Ball 1-0: Called Strike 1-1: Ball 2-1: Ball 3-1: Base on Balls
|
Batting: RHB Teddy Pettaway
|
0-0: Called Strike 0-1: Ball 1-1: Called Strike 1-2: Strikes out swinging
|
Top of the 7th over - 0 runs, 1 hit, 0 errors, 2 left on base; Hartford 5 - Santo Domingo 6 |
BOTTOM OF THE 7TH |
Santo Domingo Rum Runners batting - Pitching for Hartford Whalers : LHP Duncan Mulifi
|
Batting: LHB Isaac Rampone
|
0-0: Swinging Strike 0-1: Ball 1-1: Called Strike 1-2: Strikes out swinging
|
Batting: LHB Ronald Anderson
|
0-0: Ground out 6-3 (Groundball, 6MS, EV 87.5 MPH)
|
Batting: RHB Mason Camillo
|
0-0: Ball 1-0: Ground out 4-3 (Groundball, 4, EV 100.0 MPH)
|
Bottom of the 7th over - 0 runs, 0 hits, 0 errors, 0 left on base; Hartford 5 - Santo Domingo 6 |
TOP OF THE 8TH |
Hartford Whalers batting - Pitching for Santo Domingo Rum Runners : RHP Jonah Morganstein
|
Batting: SHB Kyler Schuff
|
0-0: Called Strike 0-1: Ball 1-1: SOLO HOME RUN (Flyball, 7D, EV 95.0 MPH), Distance : 371 ft
|
Pinch Hitting: LHB Justin Rice
|
0-0: Ball 1-0: Fly out, F8 (Flyball, 78D, EV 108.8 MPH)
|
Batting: RHB Justin Reaves
|
0-0: Ball 1-0: Called Strike 1-1: Swinging Strike 1-2: Ball 2-2: Foul Ball, location: 2F 2-2: Foul Ball, location: 2F 2-2: Strikes out swinging
|
Batting: RHB Elias Howard
|
0-0: Ball 1-0: Swinging Strike 1-1: Swinging Strike 1-2: SINGLE (Groundball, 56, EV 105.6 MPH) (infield hit)
|
Batting: RHB Blake Bateman
|
0-0: Ball 1-0: Called Strike Elias Howard steals 2nd base 1-1: Swinging Strike 1-2: Ball 2-2: Ball 3-2: Foul Ball, location: 2F 3-2: SINGLE (Groundball, 56D, EV 98.8 MPH) Elias Howard to third Runner from 3rd tries for Home, SAFE, throw by LF to home Blake Bateman to second
|
Batting: RHB Levi Lane
|
0-0: Ball 1-0: Swinging Strike 1-1: Foul Ball, location: 2F 1-2: Strikes out swinging
|
Top of the 8th over - 2 runs, 3 hits, 0 errors, 1 left on base; Hartford 7 - Santo Domingo 6 |
BOTTOM OF THE 8TH |
Santo Domingo Rum Runners batting - Pitching for Hartford Whalers : LHP Duncan Mulifi
|
Now at SS: Jovan Elerson
|
|
Batting: LHB Spencer DeSimone
|
0-0: Ground out 1-3 (Groundball, P, EV 71.2 MPH)
|
Batting: RHB Rykeem Potts
|
0-0: Called Strike 0-1: Foul Ball, location: 2F 0-2: SOLO HOME RUN (Flyball, 78XD, EV 111.9 MPH), Distance : 430 ft
|
Pinch Hitting: RHB Corey Creager
|
0-0: Ball 1-0: Foul Ball, location: 2F 1-1: Called Strike 1-2: Ball 2-2: Foul Ball, location: 2F 2-2: Ball 3-2: Strikes out swinging
|
Batting: RHB Owen Dooley
|
0-0: Swinging Strike 0-1: Swinging Strike 0-2: Strikes out swinging
|
Bottom of the 8th over - 1 run, 1 hit, 0 errors, 0 left on base; Hartford 7 - Santo Domingo 7 |
TOP OF THE 9TH |
Hartford Whalers batting - Pitching for Santo Domingo Rum Runners : RHP Jonah Morganstein
|
Pitching: LHP Brad Hudson
|
|
Now in LF: Corey Creager
|
|
Batting: LHB Kellen Todd
|
0-0: Ball 1-0: SOLO HOME RUN (Flyball, 89XD, EV 100.0 MPH), Distance : 423 ft
|
Batting: LHB Ian Schreiber
|
0-0: Called Strike 0-1: Ball 1-1: Ground out 4-3 (Groundball, 4, EV 82.5 MPH)
|
Batting: RHB Teddy Pettaway
|
0-0: Called Strike 0-1: SINGLE (Groundball, 34D, EV 108.8 MPH)
|
Batting: SHB Kyler Schuff
|
0-0: Called Strike 0-1: Fly out, F8 (Flyball, 8RM, EV 85.0 MPH)
|
Batting: RHB Jovan Elerson
|
0-0: Ball 1-0: Ground out 5-3 (Groundball, 56S, EV 80.0 MPH)
|
Top of the 9th over - 1 run, 2 hits, 0 errors, 1 left on base; Hartford 8 - Santo Domingo 7 |
BOTTOM OF THE 9TH |
Santo Domingo Rum Runners batting - Pitching for Hartford Whalers : LHP Duncan Mulifi
|
Pitching: RHP Jamal Brown
|
|
Batting: LHB Braxton Price
|
0-0: Ball 1-0: Called Strike 1-1: Ball 2-1: Called Strike 2-2: Strikes out swinging
|
Batting: LHB Larry Collier
|
0-0: Ball 1-0: Called Strike 1-1: Ball 2-1: Ball 3-1: Ground out U3 (Groundball, 34, EV 101.2 MPH)
|
Batting: LHB Isaac Rampone
|
0-0: Ball 1-0: Ball 2-0: DOUBLE (Line Drive, 7LS, EV 110.6 MPH)
|
Batting: LHB Ronald Anderson
|
0-0: Called Strike 0-1: SINGLE (Line Drive, 9S, EV 91.9 MPH) Isaac Rampone to third Runner from 3rd tries for Home, SAFE, throw by RF to home
|
Batting: RHB Mason Camillo
|
0-0: Called Strike 0-1: Swinging Strike 0-2: Ball 1-2: Foul Ball, location: 2F 1-2: Foul Ball, location: 2F 1-2: Ball 2-2: Strikes out looking
|
Bottom of the 9th over - 1 run, 2 hits, 0 errors, 1 left on base; Hartford 8 - Santo Domingo 8 |
TOP OF THE 10TH |
Hartford Whalers batting - Pitching for Santo Domingo Rum Runners : LHP Brad Hudson
|
Batting: RHB Justin Reaves
|
0-0: Ball 1-0: Called Strike 1-1: Ball 2-1: Called Strike 2-2: Ball 3-2: Strikes out swinging
|
Batting: RHB Elias Howard
|
0-0: Swinging Strike 0-1: Ball 1-1: SINGLE (Groundball, 5D, EV 98.1 MPH)
|
Batting: RHB Blake Bateman
|
0-0: Called Strike 0-1: Ball 1-1: Ball 2-1: 2-RUN HOME RUN (Flyball, 78XD, EV 103.1 MPH), Distance : 406 ft
|
Batting: RHB Levi Lane
|
0-0: Called Strike 0-1: Foul Ball, location: 2F 0-2: Ball 1-2: Strikes out swinging
|
Batting: LHB Kellen Todd
|
0-0: Ball 1-0: Ball 2-0: Ball 3-0: Swinging Strike 3-1: Foul Ball, location: 2F 3-2: Foul Ball, location: 2F 3-2: Foul Ball, location: 2F 3-2: Ground out U3 (Groundball, 3L, EV 80.6 MPH)
|
Top of the 10th over - 2 runs, 2 hits, 0 errors, 0 left on base; Hartford 10 - Santo Domingo 8 |
BOTTOM OF THE 10TH |
Santo Domingo Rum Runners batting - Pitching for Hartford Whalers : RHP Jamal Brown
|
Batting: LHB Spencer DeSimone
|
0-0: Ball 1-0: Ball 2-0: Foul Ball, location: 2F 2-1: Foul Ball, location: 2F 2-2: Foul Ball, location: 2F 2-2: Ball 3-2: Ground out 5-3 (Groundball, 56, EV 111.2 MPH)
|
Batting: RHB Rykeem Potts
|
0-0: Foul Ball, location: 2F 0-1: Called Strike 0-2: Foul Ball, location: 2F 0-2: Foul Ball, location: 2F 0-2: Strikes out swinging
|
Batting: RHB Corey Creager
|
0-0: Called Strike 0-1: Ball 1-1: Ball 2-1: Ball 3-1: Ground out 6-3 (Groundball, 6, EV 86.2 MPH)
|
Bottom of the 10th over - 0 runs, 0 hits, 0 errors, 0 left on base; Hartford 10 - Santo Domingo 8 |
|